 Dungeon Crawl Stone Soup version 0.32-a0-361-g289a535 (webtiles) character file.

Game seed: 204237257359829058

45 Nithhogg the Trooper (level 3, 0/33 HPs)
             Began as a Mountain Dwarf Fighter on Feb 18, 2024.
             Slain by a gnoll
             ... wielding a +0 spear
              (2 damage)
             ... on level 1 of the Dungeon.
             The game lasted 00:02:10 (686 turns).

Nithhogg the Trooper (Mountain Dwarf Fighter)        Turns: 686, Time: 00:02:11

Health: 0/33       AC:  7    Str: 20    XL:     3   Next: 42%
Magic:  4/4        EV:  9    Int:  8    God:
Gold:   30         SH:  0    Dex:  9    Spells: 2/2 levels left

rFire   . . .        a - +0 war axe
rCold   . . .        (no shield)
rNeg    . . .        b - +0 scale mail
rPois   .            (no helmet)
rElec   .            (no cloak)
rCorr   .            (no gloves)
SInv    .            (no boots)
Will    .....        (no amulet) Stlth
                     (no ring)
HPRegen 0.25/turn    (no ring)
MPRegen 0.09/turn

%: no passive effects
@: no status effects
A: runic magic, artefact enchanting
a: no special abilities


You were on level 1 of the Dungeon.
You visited 1 branch of the dungeon, and saw 2 of its levels.

You collected 30 gold pieces.

Inventory:

Hand Weapons
 a - a +0 war axe (weapon)
Armour
 b - a +0 scale mail (worn)
 c - a +0 buckler
Potions
 d - a potion of might
 e - a potion of degeneration {unknown}
 g - a potion of attraction {unknown}


   Skills:
 + Level 3.8 Fighting
 + Level 3.1 Axes
 + Level 3.7 Armour
 - Level 3.2 Shields
 + Level 1.8 Invocations


You had 2 spell levels left.
You didn't know any spells.
Your spell library contained the following spells:

 Spells                   Type           Power      Damage    Failure   Level
 Magic Dart               Conj           0%         1d3       50%         1
 Blink                    Tloc           0%         N/A       63%         2
 Call Imp                 Summ           0%         N/A       63%         2


Dungeon Overview and Level Annotations

Branches:
Dungeon (2/15)

Altars:


Innate Abilities, Weirdness & Mutations

Your spellcasting is much less encumbered by armour.
You can use scrolls of enchantment on lesser artefacts.


Message History

You can't go down here!
The gnoll hits you with a +0 spear.
The gnoll hits you from afar with a +0 spear.
There is a stone staircase leading up here.
The gnoll attacks as it pursues you!
The gnoll hits you from afar with a +0 spear.
The gnoll hits you but does no damage. The gnoll completely misses you.
There is a stone staircase leading up here.
There are monsters nearby!
The gnoll hits you with a +0 spear. The gnoll hits you but does no damage.
You climb upwards.
There is a stone staircase leading down here.
You completely miss the gnoll. You hit the gnoll.
The gnoll hits you but does no damage. The gnoll hits you with a +0 spear.
The gnoll barely misses you.
You hit the gnoll but do no damage.
The gnoll is moderately wounded.
You closely miss the gnoll. The gnoll hits you with a +0 spear.
The gnoll barely misses you.
You are too injured to fight recklessly!
You are too injured to fight recklessly!
You are too injured to fight recklessly!
You are too injured to fight recklessly!
You are too injured to fight recklessly!
You are too injured to fight recklessly!
You are too injured to fight recklessly!
You are too injured to fight recklessly!
You are too injured to fight recklessly!
You are too injured to fight recklessly!
You are too injured to fight recklessly!
You are too injured to fight recklessly!
The gnoll hits you with a +0 spear. x2
* * * LOW HITPOINT WARNING * * *
You see here a +0 dagger.
The gnoll hits you from afar with a +0 spear!
* * * LOW HITPOINT WARNING * * *
The gnoll misses you. The gnoll attacks as it pursues you!
The gnoll hits you from afar with a +0 spear.
You die...

###......### #.......#
#........# ##..#....
#.#......# ###...###
#........# #........
##.####### #.####...
##.#.>g.######........
##..#.g#.#.ß#.#######.#
#..##..#.#..........#..
#.###.@#.#...ß..ß..ß###
#.##...#.#<.........'..
#.##.#.#.#...ß..ß..ß###
#.#..#.#.#..........###
#...##...#.ß#.#######..
#########.####'##.......
#............#.##.......
#.###........#.##......#
#.# #........#.#########


You could see 2 gnolls.

Vanquished Creatures
  A gnoll (D:1)
  2 ball pythons (D:1)
  2 endoplasms (D:1)
  A giant cockroach (D:1)
  2 hobgoblins (D:1)
  4 kobolds (D:1)
  A quokka (D:1)
  A frilled lizard (D:1)
  4 goblins (D:1)
  A rat (D:1)
19 creatures vanquished.

Notes
Turn   | Place    | Note
-------+----------+-------------------------------------------
     0 | D:1      | Nithhogg the Mountain Dwarf Fighter began the quest for the
                  | Orb.
     0 | D:1      | Reached XP level 1. HP: 19/19 MP: 1/1
    69 | D:1      | Reached skill level 1 in Invocations
    69 | D:1      | Reached XP level 2. HP: 26/26 MP: 2/2
   428 | D:1      | Reached XP level 3. HP: 31/33 MP: 4/4
   686 | D:1      | Slain by a gnoll

Illustrated notes

Levels and vault maps discovered:
D:1:      elethiomel_arrival_quiet, layout_basic
D:2:      layout_basic, serial_glass, glass_columns_b, glass_columns_b,
          basic_altar, basic_ecumenical_altar

Skill      XL: |  1  2 |
---------------+-------+-----
Invocations    | 1 |  1.8
Axes           | 3 |  3.1
Fighting       | |  3.8
Armour         | |  3.7
Shields        | |  3.2

Action                     || total
---------------------------++-------
  Melee: War axe           ||    42
    Use: Scroll            ||     1
 Armour: Scale mail        ||    52
  Dodge: Dodged            ||    28

Table legend: (Time is in decaauts)
 A = Elapsed time spent in this place.
 B = Non-inter-level travel time spent in this place.
 C = Inter-level travel time spent in this place.
 D = Time resting spent in this place.
 E = Time spent auto-exploring this place.
 F = Levels seen in this place.
 G = Mean time per level.
                   A        B        C        D        E       F      G
               +--------+--------+--------+--------+--------+-----+--------+
         Total |    703 |    681 |     22 |     17 |    517 |   2 |  351.5 |
       Dungeon |    703 |    681 |     22 |     17 |    517 |   2 |  351.5 |
               +--------+--------+--------+--------+--------+-----+--------+

Top non-repeatable levels by time:
     D:1: 684 daAuts
     D:2: 18 daAuts
